AoeStats
← aDiGe

Oasis

509464074Analyzed
4v4 RM · 5d ago on Sep 26, 2026· 51m 15s· 8 players
Game mode
Random Map
Map size
Large (8 player)
Population
200
Speed
Normal
Resources
Standard
Victory
Conquest
Starting age
Dark Age
Ending age
Imperial Age
RankedLock teamsTeams togetherTeam positionsShared explorationLock speedFull tech treeHidden civsTurbo modeCheats
Victory
Defeat
🇮🇩 Huns · Indonesia
966
+16
🇮🇩 Huns · Indonesia
956
+16
🇹🇷 Bohemians · Türkiye
904
+18
🇹🇷 Saracens · Türkiye
892
+19
🇺🇸 Teutons · United States
980
-18
🇲🇽 Vikings · Mexico
978
-18
🇺🇸 Goths · United States
942
-44
🇩🇴 Lithuanians · Dominican Republic
936
-43
Poketape
15:27 Feudal Age
18:46 Double-Bit Axe
18:57 Gold Mining
18:52 Horse Collar
19:18 Loom
19:22 Town Watch
20:50 Wheelbarrow
22:40 Bloodlines
33:53 Castle Age
32:07 Man-at-Arms
32:49 Stone Mining
35:03 Hand Cart
44:09 Bow Saw
44:03 Heavy Plow
Person
14:36 Feudal Age
14:58 Horse Collar
15:11 Double-Bit Axe
16:07 Wheelbarrow
15:28 Gold Mining
15:33 Stone Mining
15:59 Gold Mining
23:07 Castle Age
24:28 Heavy Plow
24:45 Bow Saw
26:07 Stone Shaft Mining
26:03 Hand Cart
26:04 Caravan
26:37 Forging
26:28 Scale Mail Armor
26:31 Fletching
31:01 Imperial Age
30:50 Iron Casting
30:32 Chain Mail Armor
30:14 Bodkin Arrow
32:28 Conscription
33:19 Guilds
33:41 Coinage
35:02 Squires
40:56 Elite Teutonic Knight
44:22 Ballistics
45:06 Chemistry
MiloJ
0:27 Loom
11:21 Feudal Age
14:15 Horse Collar
14:22 Double-Bit Axe
19:22 Castle Age
17:23 Gold Mining
20:23 Bow Saw
20:16 Heavy Plow
24:40 Forging
24:36 Scale Barding Armor
27:50 Gold Shaft Mining
29:27 Iron Casting
29:13 Chain Barding Armor
30:47 Stone Mining
33:23 Caravan
36:41 Imperial Age
34:41 Scale Mail Armor
34:43 Squires
34:29 Arson
34:04 Pikeman
36:08 Chain Mail Armor
36:25 Town Watch
37:15 Town Patrol
38:24 Blast Furnace
37:54 Plate Mail Armor
37:50 Conscription
37:34 Bogsveigar
36:58 Capped Ram
38:20 Crop Rotation
38:53 Two-Man Saw
37:38 Cavalier
38:32 Siege Ram
39:42 Fletching
39:52 Padded Archer Armor
39:14 Elite Skirmisher
40:09 Chieftains
40:47 Ballistics
41:22 Bodkin Arrow
41:43 Leather Archer Armor
Mandark39
9:10 Loom
11:32 Feudal Age
16:29 Castle Age
16:23 Horse Collar
16:32 Double-Bit Axe
24:46 Wheelbarrow
28:49 Scale Barding Armor
35:18 Imperial Age
33:00 Gold Mining
34:36 Heavy Plow
35:11 Husbandry
35:22 Bloodlines
35:21 Town Watch
36:20 Chain Barding Armor
41:01 Redemption
41:12 Masonry
42:17 Hoardings
45:35 Forging
45:26 Scale Mail Armor
45:18 Fletching
47:03 Elite Leitis
fbaha
0:32 Loom
13:25 Feudal Age
13:51 Double-Bit Axe
13:46 Horse Collar
15:46 Gold Mining
15:46 Stone Mining
17:45 Wheelbarrow
22:39 Castle Age
23:26 Heavy Plow
23:37 Bow Saw
24:58 Gold Shaft Mining
26:27 Hand Cart
33:45 Fervor
34:59 Murder Holes
35:25 Ballistics
37:45 Imperial Age
35:36 Scale Barding Armor
35:31 Scale Mail Armor
35:41 Forging
37:00 Husbandry
37:26 Town Watch
39:03 Conscription
38:05 Elite Mameluke
39:47 Chemistry
38:58 Fortified Wall
39:13 Chain Barding Armor
39:08 Chain Mail Armor
39:03 Forging
41:16 Plate Barding Armor
41:11 Plate Mail Armor
41:17 Iron Casting
40:52 Caravan
42:18 Town Patrol
44:55 Blast Furnace
48:38 Two-Man Saw
aDiGe
0:31 Loom
13:58 Feudal Age
15:11 Double-Bit Axe
19:10 Padded Archer Armor
19:01 Fletching
19:03 Horse Collar
23:58 Castle Age
27:35 Bodkin Arrow
27:56 Leather Archer Armor
27:14 Pikeman
27:54 Squires
27:40 Arson
29:15 Scale Mail Armor
29:25 Forging
30:47 Wagenburg Tactics
32:42 Bow Saw
35:54 Imperial Age
35:28 Chemistry
35:59 Ballistics
35:35 Murder Holes
36:32 Caravan
36:36 Houfnice
37:51 Conscription
42:36 Two-Man Saw
42:59 Elite Hussite Wagon
44:03 Halberdier
Teninesick
0:58 Loom
12:05 Feudal Age
16:57 Double-Bit Axe
16:57 Horse Collar
19:44 Castle Age
19:37 Forging
19:33 Scale Barding Armor
26:04 Bloodlines
25:59 Marauders
28:30 Ballistics
29:59 Murder Holes
30:20 Scale Barding Armor
33:12 Iron Casting
32:57 Chain Barding Armor
33:37 Chain Barding Armor
33:47 Masonry
36:41 Caravan
37:43 Wheelbarrow
40:55 Imperial Age
40:50 Hand Cart
43:06 Blast Furnace
42:42 Plate Barding Armor
44:20 Cavalier
45:01 Husbandry
49:47 Light Cavalry
49:55 Elite Tarkan
Sleeperis4065
9:58 Feudal Age
18:22 Castle Age
16:07 Loom
26:35 Marauders
27:18 Double-Bit Axe
27:45 Scale Barding Armor
27:51 Forging
27:31 Horse Collar
30:13 Chain Barding Armor
30:28 Iron Casting
31:03 Wheelbarrow
30:45 Heavy Plow
31:13 Bloodlines
31:04 Husbandry
33:00 Hand Cart
38:18 Imperial Age
39:41 Plate Barding Armor
39:24 Guilds
38:41 Elite Tarkan
41:11 Blast Furnace
Connection lost

Rejoining the realm…

Still unreachable

The connection could not be restored.

Session expired

The server has moved on; the page needs a fresh start.